 Dungeon Crawl Stone Soup version 0.30-a0-964-gd452b5e7fa (webtiles) character file.

Game seed: 14543147729469881715

10108 vishdafish the Destroyer (level 11, -7/68 HPs)
             Began as a Demonspawn Conjurer on Mar 30, 2023.
             Was a Believer of Vehumet.
             Killed from afar by an ogre mage (18 damage)
             ... with a bolt of magma
             ... on level 2 of the Orcish Mines.
             The game lasted 00:23:59 (11807 turns).

vishdafish the Destroyer (Demonspawn Conjurer)     Turns: 11807, Time: 00:24:00

Health: -7/68      AC: 11    Str:  8    XL:     11   Next: 31%
Magic:  0/26       EV: 12    Int: 23    God:    Vehumet [**....]
Gold:   715        SH:  6    Dex: 12    Spells: 24/33 levels left

rFire   . . .      SeeInvis +      - Unarmed
rCold   . . .      Faith    .    (no shield)
rNeg    . . .      Spirit   +    N - +0 steam dragon scales
rPois   +          Reflect  .    G - +1 helmet
rElec   .          Rampage  .    i - +1 cloak
rCorr   .                        (gloves unavailable)
Will    +....                    I - +1 pair of boots
Stlth   ++                       (no amulet)
HPRegen 0.31/turn                o - ring of see invisible
MPRegen 0.40/turn                E - ring of poison resistance

@: no status effects
A: claws 3, large bone plates 2, magic shield, magic regeneration, demonic
willpower
a: Renounce Religion


You were on level 2 of the Orcish Mines.
You worshipped Vehumet.
Vehumet was pleased with you.
You visited 3 branches of the dungeon, and saw 13 of its levels.
You also visited: Ossuary.

You collected 1021 gold pieces.
You spent 306 gold pieces at shops.

Inventory:

Hand Weapons
 f - a +0 war axe
Armour
 a - a +0 robe
 i - a +1 cloak (worn)
 m - a +0 pair of boots
 G - a +1 helmet (worn)
 I - a +1 pair of boots (worn)
 L - an orb of light
 N - +0 steam dragon scales (worn)
Jewellery
 d - a ring of ice
 o - a ring of see invisible (left claw)
 E - a ring of poison resistance (right claw)
 O - a +6 ring of strength
Wands
 h - a wand of paralysis (2)
 r - a wand of quicksilver (2)
 z - a wand of flame (7)
 C - a wand of roots (18)
Scrolls
 e - 3 scrolls of butterflies
 n - 3 scrolls of poison
 p - 4 scrolls of teleportation
 q - 2 scrolls of immolation
 u - a scroll of fear
 v - a scroll of torment
 x - a scroll of noise
 y - 3 scrolls of magic mapping
 A - a scroll of fog
 B - 2 scrolls of enchant weapon
 H - 3 scrolls of amnesia
 J - a scroll of brand weapon
 K - 3 scrolls of vulnerability {unknown}
 M - 2 scrolls of blinking {unknown}
Potions
 b - 3 potions of magic
 c - 2 potions of berserk rage
 g - 3 potions of heal wounds
 j - 2 potions of haste
 k - 2 potions of cancellation
 l - 2 potions of brilliance
 s - 2 potions of lignification {unknown}
 t - 3 potions of flight {unknown}
 w - 6 potions of curing
 D - a potion of degeneration {unknown}
 F - a potion of attraction {unknown}
 P - a potion of might {unknown}


   Skills:
 - Level 1.7 Dodging
 - Level 1.7 Stealth
 - Level 3.2 Unarmed Combat
 + Level 11.5 Spellcasting
 + Level 13.0 Conjurations


You had 24 spell levels left.
You knew the following spells:

 Your Spells              Type           Power      Damage    Failure   Level
a - Magic Dart            Conj           100%       1d8       1%          1
b - Fulminant Prism       Conj/Hex       21%        3d12      3%          4
c - Iskenderun's Mystic   Conj/Tloc      43%        2d10      3%          4

Your spell library contained the following spells:

 Spells                   Type           Power      Damage    Failure   Level
 Scorch                   Fire           26%        2d6       8%          2
 Searing Ray              Conj           100%       2d8       1%          2
 Dazzling Flash           Conj/Hex       86%        N/A       1%          3
 Stone Arrow              Conj/Erth      86%        3d12      1%          3
 Mephitic Cloud           Conj/Pois/Air  33%        N/A       2%          3
 Flame Wave               Conj/Fire      43%        2d11      3%          4
 Sticky Flame             Conj/Fire      43%        2d6       3%          4
 Beastly Appendage        Tmut           26%        N/A       4%          1
 Necrotise                Necr           52%        1d6       4%          1
 Call Imp                 Summ           13%        N/A       8%          2
 Wereblood                Tmut           13%        N/A       8%          2
 Inner Flame              Hex/Fire       13%        N/A       14%         3
 Spider Form              Tmut/Pois      13%        N/A       14%         3
 Vampiric Draining        Necr           13%        2d6       14%         3
 Animate Armour           Summ/Erth      26%        N/A       43%         4
 Leda's Liquefaction      Hex/Erth       6%         N/A       43%         4
 Starburst                Conj/Fire      21%        6d7       45%         6
 Agony                    Necr           13%        N/A       80%         5
 Lee's Rapid Deconstruct  Erth           6%         3d6*      80%         5
 Statue Form              Tmut/Erth      8%         N/A       100%        6
 Lehudib's Crystal Spear  Conj/Erth      21%        10d6      100%        8


Dungeon Overview and Level Annotations

Branches:
Dungeon (10/15)            Temple (1/1) D:6             Orc (2/2) D:9
Ossuary (visited)
   Lair: D:8-11         Elf: Orc:2

Altars:
Ashenzari
Fedhas
Kikubaaqudgha
Makhleb
Okawaru
Qazlal
Ru
Sif Muna
Vehumet
Xom

Shops:
D:6 (   D:7 *[   D:10 [


Innate Abilities, Weirdness & Mutations

You have claws for hands.
You are mostly covered in large bone plates. (SH +6)
When hurt, damage is shared between your health and your magic reserves.
You regenerate magic rapidly.
You punish those that try to bend your will. (Will+)


Message History

The mystic blast hits the two-headed ogre.
The two-headed ogre is almost dead.
The two-headed ogre is knocked back by the mystic blast.
The mystic blast hits the ogre!
The ogre is severely wounded.
The ogre is knocked back by the mystic blast.
You hear two shouts!
A two-headed ogre comes into view. It is wielding two +0 giant clubs.
The ogre mage mumbles some strange words.
The ogre mage flickers and vanishes for a moment.
Casting: Iskenderun's Mystic Blast (dangerous; 3% risk of failure)
Confirm with . or Enter, or press ? or * to list all spells.
Aiming: Fulminant Prism (dangerous; 3% risk of failure)
Press: ? - help, Dir - move target You conjure a prism of explosive energy!
A fulminant prism comes into view.
The ogre mage casts a spell at the ogre.
The ogre seems to speed up.
An ogre mage comes into view. It is wielding a +0 halberd.
Casting: Fulminant Prism (dangerous; 3% risk of failure)
Confirm with . or Enter, or press ? or * to list all spells.
Okay, then.
The two-headed ogre hits your fulminant prism with a +0 giant club!!
Your fulminant prism detonates feebly.
A two-headed ogre comes into view.
It is wielding a +0 giant club and a +0 dire flail.
The two-headed ogre attacks as you move away!
The two-headed ogre hits you with a +0 giant club!!
The two-headed ogre hits you with a +0 giant spiked club!!
Casting: Fulminant Prism (dangerous; 3% risk of failure)
Confirm with . or Enter, or press ? or * to list all spells.
You erupt in a blast of force!
The mystic blast hits the two-headed ogre!
The two-headed ogre is moderately wounded.
You hear a shout!
The two-headed ogre misses you.
The two-headed ogre hits you with a +0 giant spiked club!
* * * LOW HITPOINT WARNING * * *
The ogre mage points at you and mumbles some strange words.
The bolt of magma hits you!!
You die...

OO#........#
OOO.....#.##
...).......###
..#OO........## .
#..OO.......#
#...O)......##
#...O.OO...#.##
#......O......#
#......@.....##
#........#...##
##.............#
###.....#........#
.......<........##
................#
...........#....#
..........#.##.##
............^...#


You could see 6 two-headed ogres, 2 ogre magi and 2 ogres.

Vanquished Creatures
  2 two-headed ogres
  Pikel (D:5)
  A gargoyle (D:7)
  An unseen horror (D:7)
  2 trolls
  3 hornets
  Grinder (D:4)
  Sigmund (D:3)
  A vampire (D:9)
  13 yaks
  A wyvern (D:9)
  5 steam dragons
  3 acid dragons
  5 orc warriors
  2 black bears
  2 ogres
  2 phantoms
  3 centaurs
  2 lemures (D:5)
  5 kobold brigands
  3 bullfrogs
  2 scorpions
  2 killer bees (D:9)
  3 electric eels (D:9)
  6 howler monkeys
  A lava snake (D:9)
  A jelly (D:6)
  4 hounds
  3 orc priests
  Crazy Yiuf (D:3)
  Jessica (D:2)
  Ijyb (D:3)
  An iguana (D:5)
  Natasha (thrice) (D:4)
  14 orc wizards
  Terence (D:3)
  8 mummies (Ossuary)
  7 gnolls
  10 adders
  An ufetubus (D:4)
  3 worms
  4 dart slugs
  36 orcs
  12 ball pythons
  9 endoplasms
  2 giant cockroaches (D:4)
  3 goblins
  8 hobgoblins
  5 quokkas
  6 bats
  4 frilled lizards
  2 gnoll zombies (Ossuary)
  2 hobgoblin zombies (Ossuary)
  17 kobolds
  A kobold zombie (Ossuary)
  3 orc zombies (Ossuary)
  3 rats
249 creatures vanquished.

Vanquished Creatures (others)
  35 fulminant prisms
  4 fungi (D:1)
  3 toadstools (D:1)
42 creatures vanquished.

Grand Total: 291 creatures vanquished

Notes
Turn   | Place    | Note
-------+----------+-------------------------------------------
     0 | D:1      | vishdafish the Demonspawn Conjurer began the quest for the
                  | Orb.
     0 | D:1      | Reached XP level 1. HP: 13/13 MP: 3/3
   204 | D:1      | Gained mutation: You regenerate magic rapidly. [demonic
                  | ancestry]
   204 | D:1      | Reached XP level 2. HP: 11/19 MP: 0/5
   613 | D:1      | Gained mutation: You have sharp fingernails. [demonic
                  | ancestry]
   613 | D:1      | Reached XP level 3. HP: 24/24 MP: 5/7
  1344 | D:2      | Gained mutation: You have very sharp fingernails. [demonic
                  | ancestry]
  1344 | D:2      | Reached XP level 4. HP: 30/30 MP: 6/8
  1509 | D:2      | Found a broken altar of Ashenzari.
  1559 | D:2      | Noticed Jessica
  1562 | D:2      | Killed Jessica
  1563 | D:2      | Reached skill level 5 in Conjurations
  2116 | D:3      | Gained mutation: You are partially covered in large bone
                  | plates. (SH +4) [demonic ancestry]
  2116 | D:3      | Reached XP level 5. HP: 26/35 MP: 2/10
  2654 | D:3      | Found a shimmering blue altar of Sif Muna.
  2738 | D:3      | Noticed Terence
  2753 | D:3      | Killed Terence
  2865 | D:3      | Noticed Ijyb
  2877 | D:3      | Noticed Sigmund
  2950 | D:4      | Learned a level 4 spell: Fulminant Prism
  2955 | D:4      | Learned a level 4 spell: Iskenderun's Mystic Blast
  3092 | D:4      | Gained mutation: When hurt, damage is shared between your
                  | health and your magic reserves. [demonic ancestry]
  3092 | D:4      | Reached XP level 6. HP: 41/41 MP: 6/12
  3101 | D:4      | Noticed Grinder
  3172 | D:4      | Killed Grinder
  3173 | D:4      | Reached skill level 5 in Spellcasting
  3173 | D:4      | Reached skill level 6 in Conjurations
  3298 | D:4      | Reached XP level 7. HP: 28/46 MP: 5/14
  3302 | D:4      | Found a sand-covered staircase.
  3307 | D:4      | Noticed Natasha
  3311 | D:4      | Killed Natasha
  3361 | Ossuary  | Entered an ossuary
  3424 | Ossuary  | Reached skill level 7 in Conjurations
  3858 | D:4      | Noticed Natasha
  3864 | D:4      | Killed Natasha
  3937 | D:4      | Noticed Natasha
  3971 | D:4      | Killed Natasha
  4086 | D:4      | Found an iron altar of Okawaru.
  4628 | D:3      | Killed Ijyb
  4698 | D:3      | Killed Sigmund
  4699 | D:3      | Gained mutation: You have claws for hands. [demonic
                  | ancestry]
  4699 | D:3      | Reached XP level 8. HP: 49/52 MP: 10/17
  4890 | D:3      | Found a runed translucent door.
  4891 | D:3      | Noticed Crazy Yiuf
  4899 | D:3      | Killed Crazy Yiuf
  5092 | D:5      | Entered Level 5 of the Dungeon
  5137 | D:5      | Reached skill level 1 in Unarmed Combat
  5536 | D:5      | Reached skill level 8 in Conjurations
  5706 | D:5      | Noticed Pikel
  5719 | D:5      | Killed Pikel
  6084 | D:5      | Reached XP level 9. HP: 57/57 MP: 11/20
  6253 | D:6      | Reached skill level 9 in Conjurations
  6295 | D:6      | Found a staircase to the Ecumenical Temple.
  6695 | Temple   | Entered the Ecumenical Temple
  6699 | Temple   | Became a worshipper of Vehumet
  6904 | D:6      | Found Guniorey's Weapon Shoppe.
  7122 | D:7      | Noticed an unseen horror
  7134 | D:7      | Killed an unseen horror
  7236 | D:7      | Reached skill level 10 in Conjurations
  7450 | D:7      | Noticed an angel
  7452 | D:7      | Found Soomm's Hallowed Reliquary.
  7478 | D:7      | Bought a potion of heal wounds for 60 gold pieces
  7478 | D:7      | Bought a potion of curing for 36 gold pieces
  7509 | D:7      | Noticed a gargoyle
  7595 | D:7      | Found a stormy altar of Qazlal.
  7646 | D:7      | Found Momi's Antique Armour Boutique.
  7656 | D:7      | Bought a pair of glowing boots for 210 gold pieces
  7675 | D:7      | Found a shimmering altar of Xom.
  7867 | D:7      | Killed a gargoyle
  7987 | D:8      | Found a blossoming altar of Fedhas.
  8119 | D:8      | Gained mutation: You punish those that try to bend your
                  | will. (Will+) [demonic ancestry]
  8119 | D:8      | Reached XP level 10. HP: 63/63 MP: 9/23
  8138 | D:8      | Reached skill level 11 in Conjurations
  9563 | D:9      | Reached skill level 10 in Spellcasting
  9886 | D:9      | Reached * piety under Vehumet
  9886 | D:9      | Offered knowledge of Sandblast by Vehumet.
 10354 | D:9      | Reached skill level 12 in Conjurations
 10596 | D:9      | Noticed a two-headed ogre
 10621 | D:9      | Killed a two-headed ogre
 10633 | D:9      | Gained mutation: You are mostly covered in large bone
                  | plates. (SH +6) [demonic ancestry]
 10633 | D:9      | Reached XP level 11. HP: 68/68 MP: 1/26
 10761 | D:9      | Found a staircase to the Orcish Mines.
 11034 | D:9      | Found a burning altar of Makhleb.
 11251 | D:10     | Entered Level 10 of the Dungeon
 11407 | D:10     | Found Hirch's Armour Shoppe.
 11434 | D:10     | Found an ancient bone altar of Kikubaaqudgha.
 11505 | D:10     | Identified the +6 ring mail of Awe {-Tele +Inv Int+3
                  | Stlth+}
 11507 | D:10     | Noticed a tengu warrior
 11507 | D:10     | Identified the +4 morningstar "Maxuc" {heavy, rCorr Str+3}
 11509 | D:10     | Noticed a boulder beetle
 11515 | D:10     | Offered knowledge of Scorch by Vehumet.
 11540 | D:10     | Reached ** piety under Vehumet
 11737 | Orc:1    | Entered Level 1 of the Orcish Mines
 11775 | Orc:2    | Entered Level 2 of the Orcish Mines
 11793 | Orc:2    | Noticed a two-headed ogre
 11793 | Orc:2    | Noticed a two-headed ogre
 11794 | Orc:2    | Noticed an ogre mage
 11795 | Orc:2    | Noticed a two-headed ogre
 11800 | Orc:2    | Noticed a two-headed ogre
 11801 | Orc:2    | Noticed a two-headed ogre
 11801 | Orc:2    | Killed a two-headed ogre
 11802 | Orc:2    | Reached skill level 13 in Conjurations
 11802 | Orc:2    | Noticed a two-headed ogre
 11802 | Orc:2    | Noticed a two-headed ogre
 11802 | Orc:2    | Noticed a two-headed ogre
 11802 | Orc:2    | Noticed an ogre mage
 11803 | Orc:2    | Noticed a two-headed ogre
 11804 | Orc:2    | Noticed an ogre mage
 11805 | Orc:2    | Noticed a two-headed ogre
 11807 | Orc:2    | Killed from afar by an ogre mage

Illustrated notes

Levels and vault maps discovered:
D:1:      matt_arrival_diagonals, layout_rooms, columned_hall_lemuel,
          minmay_gold_behind_fungi
D:2:      layout_basic, basic_altar, uniq_jessica
D:3:      layout_basic, nicolae_overflow_two_pavilions, uniq_crazy_yiuf_cottage,
          uniq_ijyb, uniq_sigmund, uniq_terence
D:4:      layout_loops_ring, mainiacjoe_overflow_surrounded_room,
          nicolae_ossuary_entry_false_entrances, uniq_natasha, uniq_grinder
D:5:      layout_basic, item_on_display_a, uniq_pikel
D:6:      layout_basic, minmay_temple_entry_statues_pillars, serial_shops,
          nicolae_shop_bloodbath_and_beyond
D:7:      cheibrodos_quashed, layout_loops_ring, grunt_qazlal_sundering,
          kennysheep_mini_moat, serial_shops, shop, nicolae_good_shop
D:8:      layout_gridville, fedhas_bush_and_centaur_altar,
          kennysheep_another_room
D:9:      minmay_razor_zed, layout_basic, lightli_temple_of_fire, david_orc_4,
          st_stairs_3
D:10:     layout_loops_ring, lemuel_round_altar, serial_shops,
          nicolae_stop_n_shop_2, minmay_radiant
Temple:   zaba_magenta_temple
Orc:1:    layout_diamond_mine, uniq_nergalle, uniq_jorgrun
Orc:2:    st_orc_ogre_mass, layout_caves, basic_altar, uniq_saint_roka

Skill      XL: |  1  2  3  4  5  6  7  8  9 10 11 |
---------------+----------------------------------+-----
Spellcasting   | 3 4 5 6 7 9 11 | 11.5
Conjurations   | 5 6 7 8 10 12 13 | 13.0
Unarmed Combat | 3 |  3.2
Dodging        | |  1.7
Stealth        | |  1.7

Action                     |  1- 3 |  4- 6 |  7- 9 | 10-12 || total
---------------------------+-------+-------+-------+-------++-------
  Melee: Unarmed           |     5 |       |    32 |    90 ||   127
         War axe           |    11 |    38 |    27 |       ||    76
         Punch             |       |       |     1 |     3 ||     4
   Cast: Magic Dart        |    76 |   120 |   296 |   185 ||   677
         Fulminant Prism   |       |     2 |    11 |    22 ||    35
         Iskenderun's Myst |       |       |    29 |    47 ||    76
  Evoke: Wand              |       |     3 |     5 |    11 ||    19
    Use: Scroll            |       |     6 |     7 |     6 ||    19
         Potion            |       |     1 |     2 |     1 ||     4
   Stab: Paralysed         |       |       |       |    10 ||    10
 Armour: Robe              |     6 |    21 |    41 |    13 ||    81
         Steam dragon scal |       |       |       |    34 ||    34
  Dodge: Dodged            |    18 |    32 |    69 |    65 ||   184
  Block: Other             |       |     6 |    16 |    24 ||    46

Table legend: (Time is in decaauts)
 A = Elapsed time spent in this place.
 B = Non-inter-level travel time spent in this place.
 C = Inter-level travel time spent in this place.
 D = Time resting spent in this place.
 E = Time spent auto-exploring this place.
 F = Levels seen in this place.
 G = Mean time per level.
                   A        B        C        D        E       F      G
               +--------+--------+--------+--------+--------+-----+--------+
         Total |  11852 |  11141 |    711 |     54 |   9158 |  14 |  846.6 |
       Dungeon |  11396 |  10690 |    706 |     54 |   8859 |  10 | 1139.6 |
        Temple |      8 |      4 |      4 |      0 |      0 |   1 |    8.0 |
  Orcish Mines |     69 |     69 |      0 |      0 |     50 |   2 |   34.5 |
       Ossuary |    377 |    377 |      0 |      0 |    249 |   1 |  377.0 |
               +--------+--------+--------+--------+--------+-----+--------+

Top non-repeatable levels by time:
     D:9: 2481 daAuts
     D:3: 1390 daAuts
     D:4: 1292 daAuts
     D:5: 1114 daAuts
     D:1: 1071 daAuts
     D:7: 1017 daAuts
     D:2: 997 daAuts
     D:8: 979 daAuts
     D:6: 751 daAuts
 Ossuary: 377 daAuts
    D:10: 300 daAuts
   Orc:1: 37 daAuts
   Orc:2: 31 daAuts
  Temple: 8 daAuts
